Map: Port Aleksander LE

Players

ShoWTimE - Winner!

  • Race: Protoss Protoss
  • Spawn Location: 5:00

SortOf

  • Race: Zerg Zerg
  • Spawn Location: 11:00

Event: 2019 WCS Spring

VOD

Have the link to the VOD?

Description

Time

  • Played on: May 17, 2019, 1:17 p.m.
  • Length: 8:20

All games in this series

Show
View Real Time Build Order
Export as new Build Order

ShoWTimE Protoss - Winner!

Build Orders: 1 Gate Expand, Oracle Opening, Phoenix Opening 

Get SALT Encoding   

  12  0:01  Probe  
  13  0:13  Probe  
  14  0:20  Pylon  
  14  0:25  Probe  
  15  0:34  Probe  
  15  0:40  Gateway  
  16  0:43  Probe  
  16  0:48  Assimilator  
  17  0:53  Probe  
  18  1:05  Probe  
  19  1:17  Probe  
  20  1:26  Nexus  
  20  1:36  Cybernetics Core  
  20  1:39  Probe  
  21  1:46  Assimilator  
  21  1:51  Probe  
  22  1:54  Pylon  
  22  2:03  Probe, Adept  
  25  2:16  Probe  
  25  2:19  Stargate  
  26  2:25  Warp Gate  
  26  2:27  Probe  
  27  2:33  Adept  
  27  2:34  Probe  
  27  2:36  Probe  
  29  2:43  Probe  
  29  2:44  Probe  
  33  2:53  Probe  
  33  2:54  Probe  
  33  2:57  Phoenix  
  35  3:05  Probe  
  38  3:06  Probe  
  39  3:14  Oracle  
  39  3:17  Probe, Pylon  
  39  3:18  Probe  
  44  3:29  Probe  
  44  3:30  Probe  
  44  3:32  Gateway  
  46  3:36  Assimilator  
  46  3:39  Assimilator  
  47  3:41  Probe  
  47  3:42  Probe  
  47  3:43  Oracle  
  48  3:49  Pylon  
  48  3:54  Probe  
  52  3:55  Probe  
  53  4:03  Robotics Facility  
  53  4:06  Probe  
  53  4:08  Probe  
  55  4:10  Pylon  
  55  4:13  Oracle  
  55  4:18  Probe  
  55  4:20  Probe  
  60  4:27  Pylon  
  60  4:29  Adept  
  62  4:35  Adept  
  64  4:39  Pylon  
  64  4:40  Oracle  
  64  4:50  Warp Prism  
  67  4:57  Pylon  
  69  5:11  Nexus  
  69  5:19  Immortal  
  69  5:22  Sentry x2  
  69  5:27  Gateway x2  
  77  5:32  Gateway  
  77  5:37  Pylon  
  77  5:43  Gateway  
  77  5:48  Adept x2  
  80  5:50  Immortal  
  82  6:07  Gateway x2  
  82  6:09  Sentry  
  84  6:12  Pylon  
  84  6:15  Sentry  
  86  6:21  Immortal  
  87  6:40  Sentry  
  87  6:41  Sentry x2  
  87  6:43  Pylon  
  93  6:47  Pylon  
  93  6:51  Sentry x2  
  93  6:54  Observer  
  98  7:08  Stalker x5  
  108  7:14  Stalker  
  110  7:21  Stalker x2  
  114  7:24  Pylon  
  114  7:25  Pylon  
  114  7:46  Sentry x2  
  114  7:47  Zealot x4, Stalker x2  
  108  8:08  Adept x4  
  108  8:12  Adept x3  
Show
View Real Time Build Order
Export as new Build Order

SortOf Zerg 

Build Orders: Hatch First 

Get SALT Encoding   

  12  0:00  Drone  
  13  0:12  Overlord  
  13  0:18  Drone  
  14  0:31  Drone x2  
  16  0:49  Hatchery  
  15  0:53  Drone  
  15  0:56  Drone  
  17  1:00  Drone  
  18  1:11  Extractor  
  17  1:16  Spawning Pool  
  16  1:18  Drone  
  16  1:23  Drone  
  18  1:29  Drone  
  19  1:39  Drone  
  20  1:51  Hatchery  
  19  1:54  Drone  
  19  2:00  Drone  
  21  2:06  Queen  
  23  2:10  Zergling x2  
  24  2:16  Overlord  
  24  2:22  Drone  
  25  2:25  Drone x2  
  27  2:34  Queen  
  29  2:39  Zergling x2  
  29  2:42  Metabolic Boost  
  30  2:44  Drone  
  30  2:48  Drone  
  32  2:53  Drone  
  32  2:56  Overlord  
  33  3:04  Drone x2  
  35  3:05  Queen  
  35  3:09  Drone  
  38  3:12  Overlord  
  38  3:16  Drone  
  39  3:21  Queen  
  39  3:24  Drone x2  
  43  3:28  Overlord  
  43  3:31  Drone  
  44  3:36  Drone x2  
  44  3:40  Drone x2  
  48  3:45  Spore Crawler  
  48  3:47  Drone x4  
  51  3:51  Spore Crawler  
  51  3:53  Evolution Chamber  
  49  3:56  Spore Crawler  
  49  3:58  Drone  
  49  4:01  Drone x2  
  51  4:04  Overlord  
  51  4:06  Drone  
  52  4:10  Zergling x4  
  52  4:11  Zergling x2  
  52  4:15  Overlord, Drone  
  56  4:19  Drone  
  56  4:21  Overlord  
  57  4:25  Drone  
  57  4:26  Zerg Melee Weapons Level 1  
  57  4:28  Drone x2  
  57  4:30  Overlord  
  60  4:34  Drone x3  
  60  4:38  Queen  
  65  4:43  Queen  
  67  4:46  Extractor  
  67  4:47  Lair  
  67  4:52  Zergling x8  
  69  4:57  Overlord  
  69  5:00  Drone x4  
  69  5:06  Drone x4  
  74  5:07  Drone  
  74  5:10  Overlord  
  74  5:16  Baneling Nest  
  74  5:17  Drone x2  
  74  5:18  Drone x2  
  74  5:20  Drone x2  
  79  5:28  Extractor x2  
  78  5:29  Extractor, Drone x5  
  81  5:40  Zergling x12  
  86  5:43  Queen  
  86  5:47  Zergling x2  
  86  5:48  Zergling x4  
  88  5:54  Spore Crawler  
  88  5:55  Hydralisk Den  
  88  5:56  Extractor, Drone x8  
  92  6:01  Drone  
  93  6:07  Drone  
  93  6:08  Drone  
  95  6:12  Queen  
  95  6:13  Centrifical Hooks  
  95  6:16  Overlord  
  95  6:18  Hatchery  
  96  6:30  Muscular Augments  
  96  6:32  Hydralisk x2  
  94  6:36  Drone  
  93  6:40  Drone x6  
  93  6:46  Hydralisk x2  
  103  6:48  Drone  
  103  6:50  Hydralisk  
  103  6:52  Overlord  
  106  7:02  Overlord  
  106  7:05  Zergling x2  
  106  7:06  Overlord  
  106  7:14  Baneling x13  
  106  7:16  Hydralisk x2, Zergling x8  
  114  7:26  Hydralisk x2, Zergling x6  
  114  7:27  Zergling x4  
  123  7:34  Zergling x10  
  116  7:44  Zergling x2  
  116  7:45  Zergling x6  
  116  7:51  Zergling x4  
  107  7:52  Hydralisk, Zergling x2  
  107  7:53  Zergling x4  
  107  7:54  Zergling x10  
  107  7:57  Zergling x4  
  101  8:01  Zergling x2  
Tags
 
Add a new tag
Caveats
  • Supply blocks, unpowered buildings, or Contaminate may cause inaccurate times.
  • Supply counts are checked every 10 seconds.